 Dungeon Crawl Stone Soup version 0.28.0-43-g3370ac3207 (console) character file.

Game seed: 9272152306499986316

122 Zeor the Shooter (level 4, -3/57 HPs)
             Began as a Minotaur Hunter on Mar 21, 2022.
             Slain by a mummy (14 damage)
             ... in an ossuary.
             The game lasted 00:05:36 (1852 turns).

Zeor the Shooter (Minotaur Hunter)                  Turns: 1852, Time: 00:05:36

Health: -3/57      AC: 22    Str: 18    XL:     4   Next: 78%
Magic:  3/3        EV:  2    Int:  8    God:
Gold:   165        SH:  0    Dex: 11    Spells: 3/3 levels left

rFire   . . .      SeeInvis .   b - +0 long sword
rCold   . . .      Faith    .   (no shield)
rNeg    . . .      Spirit   .   (armour currently unavailable)
rPois   +          Reflect  .   (helmet currently unavailable)
rElec   .          Harm     .   (cloak currently unavailable)
rCorr   .          Rampage  .   (gloves currently unavailable)
Will    .....      NoTele   +   (boots currently unavailable)
Stlth   +.........              (no amulet)
HPRegen 0.19/turn               (no ring)
MPRegen 0.08/turn               (no ring)

@: tree-form
A: stationary, stasis, torment immunity, boosted hp, (horns 2), (retaliatory
headbutt)
a: no special abilities


You were in an ossuary.
You were a tree.
You visited 1 branch of the dungeon, and saw 4 of its levels.
You also visited: Ossuary.

You collected 165 gold pieces.

Inventory:

Hand Weapons
 a - a +1 shortbow
 b - a +0 long sword (weapon)
Missiles
 d - 2 arrows
Armour
 c - a +0 leather armour (melded)
Wands
 h - a wand of flame (44)
Scrolls
 f - a scroll of holy word
 i - a scroll of summoning {unknown}
 l - a scroll of brand weapon {unknown}
Potions
 e - 2 potions of brilliance
 j - a potion of ambrosia


   Skills:
 + Level 3.1 Fighting
 + Level 0.3 Long Blades
 * Level 6.4 Bows
 + Level 0.7 Armour
 + Level 2.2 Dodging
 + Level 0.9 Stealth


You had 3 spell levels left.
You didn't know any spells.
Your spell library contained the following spells:

 Spells                   Type           Power      Damage    Failure   Level
 Foxfire                  Conj/Fire      0%         2x1d4     41%         1
 Magic Dart               Conj           0%         1d3       41%         1
 Call Imp                 Summ           0%         N/A       54%         2
 Conjure Flame            Conj/Fire      0%         6-21      78%         3
 Inner Flame              Hex/Fire       0%         N/A       78%         3
 Mephitic Cloud           Conj/Pois/Air  0%         N/A       78%         3
 Flame Wave               Conj/Fire      0%         2d4       99%         4


Dungeon Overview and Level Annotations

Branches:
Dungeon (4/15)            Ossuary (1/1)
 Temple: D:4-7

Altars:
Ru


Innate Abilities, Weirdness & Mutations

You are a tree.
Your roots penetrate the ground, keeping you stationary.
You cannot be teleported.
You are immune to unholy pain and torment.
Your maximum health is greatly increased.
Your equipment is partially melded.
((You have a pair of horns on your head.))
((You reflexively headbutt those who attack you in melee.))


Message History

The hobgoblin zombie hits you but does no damage.
The gnoll zombie hits you but does no damage.
The hobgoblin zombie hits you but does no damage.
The mummy hits you but does no damage. x2; The mummy hits you!
* * * LOW HITPOINT WARNING * * *
You hit the mummy.
The mummy is severely damaged.
The hobgoblin zombie hits you but does no damage.
The gnoll zombie hits you but does no damage.
The hobgoblin zombie hits you but does no damage.
The mummy barely misses you. The mummy hits you.
* * * LOW HITPOINT WARNING * * *
The mummy hits you but does no damage.
You hit the mummy but do no damage.
The mummy is severely damaged.
The hobgoblin zombie hits you but does no damage.
The gnoll zombie hits you but does no damage.
The hobgoblin zombie hits you but does no damage.
Okay, then.
You barely miss the mummy.
The mummy is severely damaged.
The hobgoblin zombie hits you.
* * * LOW HITPOINT WARNING * * *
The mummy completely misses you. The mummy hits you but does no damage.
The gnoll zombie hits you but does no damage.
The hobgoblin zombie hits you but does no damage.
The mummy hits you but does no damage.
You hit the mummy but do no damage.
The hobgoblin zombie hits you but does no damage.
The gnoll zombie barely misses you.
The hobgoblin zombie hits you but does no damage.
The mummy hits you but does no damage. The mummy barely misses you.
The mummy hits you but does no damage.
The hobgoblin zombie hits you but does no damage.
You hit the mummy.
The mummy is severely damaged.
The gnoll zombie hits you but does no damage.
The hobgoblin zombie hits you but does no damage.
The mummy hits you!
You die... ∙∙∙∙∙∙∙∙∙∙∙∙∙∙ ∙∙∙∙∙∙∙(∙∙∙∙∙ ∙∙∙∙∙∙(∙∙∙∙

▒∙∙∙∙(∙∙∙
▒(∙∙∙(∙
▒∙ZZ∙▒
▒∙MZM▒
▒ZZ♣M▒
▒∙Z∙∙▒
▒∙∙∙∙▒
▒∙∙∙∙▒
▒∙∙∙∙▒
▒∙∙∙∙▒
▒∙∩∩∙▒
▒▒▒▒▒▒


You could see 3 mummies, 2 hobgoblin zombies, 2 gnoll zombies and 2 kobold
zombies.

Vanquished Creatures
  A hound (D:4)
  Ijyb (D:3)
  A hound skeleton (D:3)
  A mummy (Ossuary)
  An adder (D:3)
  A worm (D:3)
  A dart slug (D:1)
  3 endoplasms
  A giant cockroach (D:1)
  2 goblins
  3 hobgoblins
  2 quokkas
  2 bats
  2 frilled lizards
  4 kobolds
  2 kobold zombies (Ossuary)
  3 rats
31 creatures vanquished.

Notes
Turn   | Place    | Note
-------+----------+-------------------------------------------
     0 | D:1      | Zeor the Minotaur Hunter began the quest for the Orb.
     0 | D:1      | Reached XP level 1. HP: 18/18 MP: 0/0
   251 | D:1      | Found a faded altar of an unknown god.
   264 | D:1      | Reached XP level 2. HP: 22/25 MP: 1/1
   426 | D:1      | Reached skill level 5 in Bows
   943 | D:2      | You fall into a shaft and drop 1 floor!
   943 | D:3      | Found a sacrificial altar of Ru.
  1215 | D:3      | Noticed Ijyb
  1220 | D:3      | Killed Ijyb
  1221 | D:3      | Reached XP level 3. HP: 21/30 MP: 2/2
  1409 | D:3      | Reached XP level 4. HP: 37/37 MP: 3/3
  1472 | D:3      | Reached skill level 6 in Bows
  1806 | D:4      | Found a sand-covered staircase.
  1816 | Ossuary  | Entered an ossuary
  1852 | Ossuary  | Slain by a mummy

Illustrated notes

Levels and vault maps discovered:
D:1:      dpeg_arrival_rooms_b, layout_loops_ring,
          hellmonk_ecumenical_altar_lost_god, st_stairs_8
D:2:      layout_loops_ring, minmay_vboxes
D:3:      layout_basic, nicolae_ru_sacrificial_ziggurat, uniq_ijyb
D:4:      layout_loops_corners, lightli_ossuary_entry_decrepit_ruins,
          ebering_ghost_disaster_area, uniq_grinder
Ossuary:  ossuary_tomb_3

Skill      XL: |  1  2  3  4 |
---------------+-------------+-----
Bows           | 5 6 |  6.4
Fighting       | 3 |  3.1
Long Blades    | |  0.3
Armour         | |  0.7
Dodging        | |  2.2
Stealth        | |  0.9

Action                   |  1- 3 |  4- 6 || total
-------------------------+-------+-------++-------
Melee: Short sword       |    10 |       ||    10
       Spear             |     2 |       ||     2
       Long sword        |     3 |    19 ||    22
       Headbutt          |       |     1 ||     1
 Fire: Shortbow          |    48 |    12 ||    60
  Use: Scroll            |     6 |     1 ||     7
       Potion            |       |     2 ||     2
 Stab: Sleeping          |       |     1 ||     1
Armor: Leather armour    |     2 |     3 ||     5
       Skin              |       |    48 ||    48
Dodge: Dodged            |     9 |     9 ||    18
